 Dungeon Crawl Stone Soup version 0.18-a0-993-g4a3b7c7 (webtiles) character file.

201135 M4edhros the Unseen (level 18, -1/114 HPs)
             Began as an Octopode Artificer on Jan 4, 2016.
             Was the Champion of Okawaru.
             Slain by Wiglaf
             ... wielding a +2 war axe of chopping
              (7 damage)
             ... on level 3 of the Snake Pit.
             The game lasted 02:09:02 (38069 turns).

M4edhros the Unseen (Octopode Artificer)           Turns: 38069, Time: 02:09:02

Health: -1/114     AC:  6    Str: 25    XL:     18   Next: 53%
Magic:  44/44      EV: 18    Int: 32    God:    Okawaru [******]
Gold:   2302       SH: 28    Dex: 15    Spells: 6 memorised, 14 levels left

rFire  + + +     SeeInvis +     G - +9 greatsling (velocity)
rCold  + + +     Gourm    .     C - +4 large shield of the Swamp {rN++ Str+2 SInv Stlth-}
rNeg   + + .     Faith    .     y - +2 hat {Int+3}
rPois  +         Spirit   .     j - amulet of Ararigh {Reflect *Drain rC++ Int+7 SH+3}
rElec  +         Dismiss  .     S - ring "Bohyett" {rF+ MP+9 Str+5 Slay+3}
rCorr  .         Reflect  +     H - +3 ring of strength
SustAt .         Harm     .     D - +2 ring of intelligence
MR     +++..     Clarity  +     l - ring "Rativ" {*Contam rF+ rC+ Dex+3 Stlth+}
Stlth  +++++++++.               R - ring of protection from fire
                                J - +4 ring of slaying
                                h - ring of protection from magic
                                x - ring of stealth

@: lethally poisoned (-1 -> -1), swift, repel missiles, very quick, extremely
resistant to hostile enchantments, incredibly stealthy
A: almost no armour, amphibious, 8 rings, constrict 8, beak, icy blue scales 1,
yellow scales 1, camouflage 1, clarity, high mp 1, magic resistance 1, poison
resistance, electricity resistance, strong 1, gelatinous body 1, evolution 1,
MP-powered wands
a: Heroism, Finesse, Renounce Religion
}: 1/15 runes: barnacled


You were on level 3 of the Snake Pit.
You worshipped Okawaru.
Okawaru was exalted by your worship.
You were hungry.

You visited 6 branches of the dungeon, and saw 32 of its levels.
You also visited: Bailey, Ice Cave and Volcano.

You collected 2739 gold pieces.
You spent 437 gold pieces at shops.

Inventory:

Hand Weapons
 d - the +6 trident of Conscience {pierce, Str+4 Dex+8 Stlth-}
   (You found it on level 7 of the Dungeon)

   It inflicts extra damage upon your enemies.
   It affects your strength (+4).
   It affects your dexterity (+8).
   It makes you less stealthy.
 A - the +5 captain's cutlass {speed, disarm}
   (You found it in an ice cave)

   Attacks with this weapon are significantly faster.
 G - a +9 greatsling of velocity (weapon)
 Z - a +0 blowgun
Missiles
 e - 797 stones (quivered)
 n - 13 throwing nets
 p - 43 poisoned needles
 w - 118 sling bullets
 N - 40 poisoned sling bullets
 V - 14 curare-tipped needles
 W - 12 steel sling bullets
 X - 35 exploding sling bullets
Armour
 y - a +2 hat of intelligence (worn)
 C - the +4 large shield of the Swamp (worn) {rN++ Str+2 SInv Stlth-}
   (Okawaru gifted it to you on level 8 of the Lair of Beasts)

   It affects your strength (+2).
   It greatly protects you from negative energy.
   It lets you see invisible.
   It makes you less stealthy.
Jewellery
 b - an uncursed ring of teleportation
 h - a ring of protection from magic (on tentacle)
 j - the amulet of Ararigh (around mantle) {Reflect *Drain rC++ Int+7 SH+3}
   (You found it on level 2 of the Lair of Beasts)

   [amulet of reflection]

   It shields you and reflects attacks.
   It affects your intelligence (+7).
   It greatly protects you from cold.
   It causes draining when unequipped.
   It affects your SH (+3).
 l - the ring "Rativ" (on tentacle) {*Contam rF+ rC+ Dex+3 Stlth+}
   (You took it off a gnoll sergeant in a bailey)

   [ring of stealth]

   It affects your dexterity (+3).
   It protects you from fire.
   It protects you from cold.
   It causes magical contamination when unequipped.
   It makes you more stealthy.
 x - a ring of stealth (on tentacle)
 D - a +2 ring of intelligence (on tentacle)
 H - a +3 ring of strength (right tentacle)
 J - a +4 ring of slaying (on tentacle)
 R - a ring of protection from fire (on tentacle)
 S - the ring "Bohyett" (left tentacle) {rF+ MP+9 Str+5 Slay+3}
   (You found it on level 1 of the Snake Pit)

   [ring of strength]

   It affects your strength (+5).
   It affects your accuracy and damage with ranged weapons and melee attacks
   (+3).
   It protects you from fire.
   It affects your magic capacity (+9).
Wands
 c - a wand of enslavement (9/24)
 f - a wand of disintegration (8/24)
 g - a wand of fireball (5/15)
 k - a wand of fire (4/15)
 E - a wand of cold (2/15)
 I - a wand of polymorph (15/24)
 P - a wand of slowing (4/48)
 T - a wand of disintegration (9/24)
Scrolls
 m - a scroll of magic mapping
 o - 2 scrolls of identify
 q - 3 scrolls of fog
 r - 3 scrolls of blinking
 L - 5 scrolls of fear
Potions
 i - a potion of berserk rage
 v - a potion of brilliance
 M - a potion of lignification
 Q - 2 potions of haste
 U - 7 potions of curing
Books
 z - a book of Unlife

   Spells                             Type                      Level
   a - Recall                         Summoning/Translocation      3
   b - Animate Dead                   Necromancy                   4
   c - Control Undead                 Necromancy                   4
   d - Cigotuvi's Embrace             Necromancy                   5
   e - Death Channel                  Necromancy                   6
   f - Simulacrum                     Ice/Necromancy               6
Miscellaneous
 t - a fan of gales
 Y - a disc of storms
Comestibles
 a - 6 slices of pizza
 s - 19 meat rations
 u - 29 fruits
 B - 5 bread rations
 O - 2 royal jellies


   Skills:
 - Level 7.0 Fighting
 - Level 1.0 Short Blades
 - Level 11.4 Slings
 - Level 12.1 Dodging
 - Level 17.2 Stealth
 - Level 15.0 Shields
 * Level 10.6 Spellcasting
 * Level 11.2 Charms
 * Level 8.3 Air Magic
 - Level 10.8 Evocations


You had 14 spell levels left.
You knew the following spells:

 Your Spells              Type           Power        Failure   Level  Hunger
a - Regeneration          Chrm/Necr      ######....   3%          3    None
b - Repel Missiles        Chrm/Air       ######       1%          2    None
c - Swiftness             Chrm/Air       ######..     1%          2    None
d - Deflect Missiles      Chrm/Air       ######....   34%         6    #####..
e - Haste                 Chrm           ######..     21%         6    #####..
f - Silence               Hex/Air        #####.....   63%         5    ##.....


Dungeon Overview and Level Annotations

Branches:
Dungeon (15/15)            Temple (1/1) D:5            Lair (8/8) D:11
 Shoals (4/4) Lair:3        Snake (3/4) Lair:5        Slime (0/6) Lair:7
    Orc (0/2) D:9          Vaults (0/5) D:13         Depths (1/5) D:15

Altars:
Ashenzari
Cheibriados
Dithmenos
Elyvilon
Fedhas
Gozag
Kikubaaqudgha
Makhleb
Nemelex Xobeh
Okawaru
Pakellas
Qazlal
Ru
Sif Muna
Trog
Vehumet
Xom
Yredelemnul
Zin
The Shining One
Jiyva

Shops:
D:4 (   D:7 !   D:8 *   Shoals:3 !   Snake:1 ?

Annotations:
D:2 Sigmund
D:9 exclusion: obsidian statue, Scarn's ghost, novice MfWn
D:12 st0uf's ghost, journeyman FoFi
Snake:3 Wiglaf


Innate Abilities, Weirdness & Mutations

You cannot wear most types of armour.
You are amphibious.
You can wear up to eight rings at the same time.
You can use your tentacles to constrict eight enemies at once.
Your skin changes colour to match your surroundings (Stealth).
Your rubbery body absorbs attacks (AC +1).
You have a beak for a mouth.
You are partially covered in icy blue scales (AC +1).
You are partially covered in yellow scales (AC +2).
You possess an exceptional clarity of mind.
You have an increased reservoir of magic (+10% MP).
You are resistant to hostile enchantments.
Your system is resistant to poisons.
You are resistant to electric shocks.
Your muscles are strong. (Str +2)
You evolve.
You expend magic power (3 MP) to strengthen your wands.


Message History

The greater naga spits poison at you. The splash of poison hits you!
You resist.
Things that are here:
a sling bullet; a guardian serpent corpse You feel sick.
Evoke which item? (* to show all) (? for menu, Esc to quit)
Zapping:
I - a wand of polymorph (15/24)
Press: ? - help, Shift-Dir - straight line, f - Wiglaf, p - greater naga
Aim: Wiglaf, wielding a war axe of chopping, wearing a shiny plate armour and wearing a warped shield (fast, unusually strong, chance to defeat MR: 4%)
Okay, then.
The greater naga gestures at you while chanting.
The bolt of poison hits you! You resist.
Wiglaf says, "Orcs, orcs, elves an' a glaikit Octopus."
You see here a stone.
You feel sick.
Found 13 gold pieces.
There is an open door here.
Wiglaf hits you with a war axe of chopping!!
* * * LOW HITPOINT WARNING * * *
You die...

.....................#
.....................###
#.............g........#
##.........##+#........#
.#.........#..##......##
.#.........#..$#......#
.#.........#...#......#
.#(<.......#...#......##
.#((.((.(..#...#@......#
.#..(.(....#...'g......#
.#.....(...#####....(###
.#....(((..(...(.....#
.#........(.N........###
.#......(..............#
##......)...!..........#
.........((....###...##
##.....(.(.....+ #...#


You could see Wiglaf.

Vanquished Creatures
  2 krakens
  2 greater nagas (Snake:3)
  A frost giant (IceCv)
  2 stone giants
  5 dire elephants (Lair:8)
  Snorg (Lair:4)
  4 vault guards (D:13)
  2 entropy weavers (Depths:1)
  3 merfolk impalers (Shoals:4)
  8 hydras
  Harold (Lair:2)
  A ghost crab (shapeshifter) (D:15)
  4 alligator snapping turtles
  A catoblepas (Lair:7)
  3 merfolk avatars
  6 merfolk aquamancers
  17 naga warriors
  2 centaur warriors
  A satyr (Shoals:1)
  The ghost of Somebody the Gelid, a journeyman DEIE of Vehumet (Lair:4)
  4 anacondas
  An alligator (Shoals:1)
  An ogre mage (D:15)
  14 death yaks
  Urug (D:14)
  2 shock serpents (Snake:3)
  A deep elf knight (Volcano)
  3 salamander mystics
  An unseen horror (D:11)
  10 sea snakes
  A flayed ghost (Depths:1)
  5 hill giants
  An orange crystal statue (D:9)
  A wizard (D:15)
  A wolf spider zombie (D:15)
  Pikel (D:9)
  A harpy (shapeshifter) (D:14)
  A necromancer (D:15)
  7 harpies
  15 ugly things
  A statue (Volcano)
  2 mana vipers (Snake:3)
  3 fauns (Shoals:4)
  9 salamanders
  5 deep elf magi
  An orc sorcerer (D:15)
  9 cyclopes
  7 manticores
  2 elephants (Lair:8)
  6 water nymphs
  9 griffons
  3 guardian serpents
  10 black mambas
  A centaur zombie (D:12)
  4 naga magi
  Joseph (Lair:1)
  11 sirens
  An ice statue (IceCv)
  Maurice (D:10)
  13 spiny frogs
  4 komodo dragons
  2 tengu conjurers
  An efreet (D:13)
  6 fire drakes
  4 kobold demonologists
  17 polar bears
  Grinder (D:4)
  3 trolls
  A wind drake (Shoals:4)
  20 merfolk
  15 blink frogs
  Prince Ribbit (D:7)
  4 two-headed ogres
  7 slime creatures
  A trapdoor spider zombie (D:12)
  A boulder beetle (Lair:8)
  8 snapping turtles
  A tarantella (Depths:1)
  A shadow (D:13)
  14 water elementals
  A centaur simulacrum (D:15)
  2 vampires
  6 redbacks (Depths:1)
  5 wyverns
  A wraith (D:11)
  74 yaks
  A basilisk (Lair:2)
  2 hungry ghosts
  2 fire bats (Volcano)
  A mottled dragon (D:12)
  13 hippogriffs
  Menkaure (D:6)
  The ghost of M4edhros the Sneak, an amateur OpAr of Xom (D:4)
  2 wargs (D:11)
  31 wolves
  36 nagas
  14 water moccasins
  12 porcupines
  An ice beast (D:9)
  7 orc warriors
  9 gnoll sergeants
  A hornet simulacrum (D:15)
  A swamp drake (D:9)
  A black bear (D:7)
  2 eyes of draining
  5 ogres
  5 sky beasts
  2 phantoms
  3 necrophages
  20 centaurs
  18 crocodiles
  4 big kobolds
  18 giant frogs
  8 orc priests
  2 wyvern zombies
  A wyvern skeleton (D:12)
  6 scorpions
  8 killer bees
  5 wights (D:10)
  10 crimson imps
  A lava snake (Volcano)
  3 jellies
  3 giant frog zombies
  A quasit (D:13)
  7 hounds
  11 centaur skeletons
  Ijyb (D:2)
  6 gnoll shamans (Bailey)
  16 orc wizards
  4 giant frog skeletons
  16 iguanas
  Natasha (thrice) (D:2)
  9 hell rats (Lair:1)
  4 worker ants
  16 sheep
  A hound skeleton (D:4)
  21 gnolls
  A worker ant zombie (D:9)
  6 adders
  69 river rats
  2 shadow imps
  A white imp (D:9)
  3 oozes
  An adder zombie (D:6)
  3 worms
  10 giant geckos
  65 orcs
  3 bats
  5 giant cockroaches
  9 goblins
  7 hobgoblins
  11 jackals
  A quokka (D:8)
  A ball python (D:8)
  A giant gecko skeleton (D:4)
  4 giant newts
  A goblin skeleton (D:9)
  2 goblin zombies (D:9)
  3 hobgoblin zombies (D:9)
  2 jackal skeletons (D:4)
  19 kobolds
  2 kobold skeletons (D:9)
  A kobold zombie (D:9)
  5 orc zombies (D:9)
  A quokka skeleton (D:9)
  A quokka zombie (D:7)
  20 rats
  2 plants (Lair:8)
  A tentacle (Shoals:3)
1078 creatures vanquished.

Vanquished Creatures (collateral kills)
  Ilsuiw (Shoals:4)
  4 merfolk impalers
  A merfolk aquamancer (Shoals:4)
  A griffon (Shoals:4)
  2 sirens (Shoals:4)
  A komodo dragon (Lair:4)
  A merfolk (Shoals:1)
  A gnoll sergeant (Bailey)
  A scorpion (D:7)
  An orc priest (D:5)
  A hound (Bailey)
  A worker ant (D:5)
  4 gnolls (Bailey)
  An adder (D:6)
  5 orcs
  A quokka (D:7)
  A rat (D:2)
28 creatures vanquished.

Vanquished Creatures (others)
  Nessos (Lair:8)
  2 merfolk javelineers
  A naga warrior (Snake:1)
  5 centaur warriors
  A sea snake (Shoals:4)
  A deep elf mage (Volcano)
  5 cyclopes
  2 manticores (Shoals:4)
  3 yaktaurs (D:15)
  2 wolves (IceCv)
  A gnoll sergeant (Bailey)
  3 slaves (D:9)
  An ogre (D:4)
  5 centaurs
  An orc priest (D:5)
  A gnoll shaman (D:4)
  An adder (D:7)
  An orc (D:8)
  26 fungi
  34 plants
  61 tentacles
  969 tentacle segments
1127 creatures vanquished.

Grand Total: 2233 creatures vanquished

Notes
Turn   | Place    | Note
--------------------------------------------------------------
     0 | D:1      | M4edhros the Octopode Artificer began the quest for the Orb.
     0 | D:1      | Reached XP level 1. HP: 13/13 MP: 3/3
   253 | D:2      | Noticed Natasha
   257 | D:2      | Killed Natasha
   257 | D:2      | Reached XP level 2. HP: 4/18 MP: 4/4
   257 | D:2      | Reached XP level 3. HP: 5/23 MP: 5/5
   416 | D:2      | Noticed Natasha
   425 | D:2      | Killed Natasha
   425 | D:2      | Reached XP level 4. HP: 20/28 MP: 6/6
   532 | D:2      | Noticed Ijyb
   539 | D:2      | Killed Ijyb
   539 | D:2      | Reached skill level 4 in Evocations
   574 | D:2      | Noticed Natasha
   591 | D:2      | Killed Natasha
   659 | D:2      | Reached XP level 5. HP: 25/33 MP: 8/8
   660 | D:2      | Noticed Sigmund
  1008 | D:3      | Found a burning altar of Makhleb.
  1190 | D:4      | Noticed Grinder
  1190 | D:4      | Noticed M4edhros's ghost (amateur OpAr)
  1223 | D:4      | Found Ceheelikk's Antique Weapon Boutique.
  1256 | D:4      | Noticed an ogre
  1262 | D:4      | Reached skill level 5 in Stealth
  1273 | D:4      | Killed a gnoll sergeant
  1273 | D:4      | Reached XP level 6. HP: 21/38 MP: 9/9
  1452 | D:4      | Killed M4edhros's ghost
  1452 | D:4      | Reached skill level 6 in Stealth
  1726 | D:4      | Reached XP level 7. HP: 43/43 MP: 10/10
  1835 | D:5      | Entered Level 5 of the Dungeon
  1912 | D:5      | Reached skill level 5 in Dodging
  1973 | D:5      | Reached skill level 5 in Evocations
  1989 | D:5      | Found a staircase to the Ecumenical Temple.
  2098 | Temple   | Entered the Ecumenical Temple
  2105 | Temple   | Became a worshipper of Warmaster Okawaru
  2142 | D:5      | Reached skill level 7 in Stealth
  3199 | D:3      | Found an opulent altar of Gozag.
  3200 | D:3      | Found a glowing silver altar of Zin.
  3335 | D:4      | Killed Grinder
  3335 | D:4      | Reached * piety under Okawaru
  3335 | D:4      | Reached skill level 8 in Stealth
  3335 | D:4      | Reached XP level 8. HP: 23/48 MP: 10/12
  4626 | D:6      | Reached skill level 9 in Stealth
  4672 | D:6      | Noticed Menkaure
  4680 | D:6      | Killed Menkaure
  4680 | D:6      | Reached ** piety under Okawaru
  4775 | D:6      | Found a sacrificial altar of Ru.
  4897 | D:6      | Upgraded the game from 0.18-a0-990-g74cdb39 to 0.18-a0-993-g4a3b7c7
  5204 | D:6      | Reached XP level 9. HP: 45/53 MP: 13/13
  5409 | D:6      | Reached skill level 10 in Stealth
  5518 | D:7      | Gained mutation: You possess an exceptional clarity of mind. [mutagenic meat]
  5519 | D:7      | Gained mutation: Scrolls take you a little longer to read. [mutagenic meat]
  5520 | D:7      | Gained mutation: You are partially covered in icy blue scales (AC +1). [mutagenic meat]
  5521 | D:7      | Gained mutation: One of your tentacles bears a spike. [mutagenic meat]
  5836 | D:7      | Found an ancient bone altar of Kikubaaqudgha.
  5851 | D:7      | Found a stormy altar of Qazlal.
  5851 | D:7      | Noticed Prince Ribbit
  5858 | D:7      | Killed Prince Ribbit
  5864 | D:7      | Found a blossoming altar of Fedhas.
  5872 | D:7      | Got a twisted trident
  5873 | D:7      | Identified the +6 trident of Conscience {pierce, Str+4 Dex+8 Stlth-} (You found it on level 7 of the Dungeon)
  5877 | D:7      | Reached *** piety under Okawaru
  5921 | D:7      | Found a sparkling altar of Nemelex Xobeh.
  6003 | D:7      | Found a shadowy altar of Dithmenos.
  6280 | D:7      | Reached skill level 11 in Stealth
  6344 | D:7      | Found Bythraqoum's Distillery.
  6347 | D:7      | Bought a potion of mutation for 37 gold pieces
  6347 | D:7      | Gained mutation: Your system is resistant to poisons. [potion of mutation]
  6347 | D:7      | Gained mutation: You expend magic power (3 MP) to strengthen your wands. [potion of mutation]
  6347 | D:7      | Gained mutation: You are dopey. (Int -2) [potion of mutation]
  6836 | D:8      | Reached **** piety under Okawaru
  6878 | D:8      | Found Kuunoira's Assorted Antiques.
  6898 | D:8      | Bought a triangular crystal amulet for 140 gold pieces
  6901 | D:8      | Bought a black potion for 25 gold pieces
  6901 | D:8      | Bought a sapphire potion for 25 gold pieces
  6903 | D:8      | Bought a scroll of enchant weapon for 210 gold pieces
  7013 | D:8      | Noticed a two-headed ogre
  7128 | D:8      | Killed a two-headed ogre
  7128 | D:8      | Reached XP level 10. HP: 61/63 MP: 15/15
  7203 | D:8      | Reached skill level 12 in Stealth
  7430 | D:8      | Gained mutation: You are frail (-10% HP). [mutagenic meat]
  7431 | D:8      | Gained mutation: You are agile. (Dex +2) [mutagenic meat]
  7432 | D:8      | Gained mutation: Your spells are a little easier to cast, but a little less powerful. [mutagenic meat]
  7433 | D:8      | Lost mutation: Scrolls take you a little longer to read. [mutagenic meat]
  7434 | D:8      | Lost mutation: You are frail (-10% HP). [mutagenic meat]
  7576 | D:9      | Noticed an obsidian statue
  7662 | D:9      | Found a glowing golden altar of the Shining One.
  7712 | D:9      | Found a flagged portal.
  7770 | Bailey   | Entered a bailey
  8154 | Bailey   | Reached skill level 1 in Slings
  8244 | Bailey   | Got a warped silver ring
  8245 | Bailey   | Identified the ring "Rativ" {*Contam rF+ rC+ Dex+3 Stlth+} (You took it off a gnoll sergeant in a bailey)
  8550 | D:9      | Found a sacrificial altar of Ru.
  8550 | D:9      | Found a snail-covered altar of Cheibriados.
  8551 | D:9      | Found a shimmering altar of Xom.
  8565 | D:9      | Reached skill level 1 in Shields
  8599 | D:9      | Found a basalt altar of Yredelemnul.
  8671 | D:9      | Reached ***** piety under Okawaru
  8690 | D:9      | Noticed Scarn's ghost (novice MfWn)
  8857 | D:9      | Found a staircase to the Orcish Mines.
  8965 | D:9      | Noticed Pikel
  8974 | D:9      | Killed Pikel
  8974 | D:9      | Reached skill level 5 in Fighting
  9143 | D:9      | Noticed an orange crystal statue
  9235 | D:9      | Reached XP level 11. HP: 55/71 MP: 16/16
  9284 | D:9      | Reached skill level 13 in Stealth
  9648 | D:9      | Killed an orange crystal statue
  9692 | D:9      | Found a white marble altar of Elyvilon.
  9739 | D:9      | Found an oddly glowing altar of Pakellas.
  9960 | D:10     | Entered Level 10 of the Dungeon
 10176 | D:10     | Received a gift from Okawaru
 10242 | D:10     | Noticed Maurice
 10251 | D:10     | Killed Maurice
 10654 | D:11     | Noticed a red ugly thing
 10664 | D:11     | Killed a red ugly thing
 10664 | D:11     | Received a gift from Okawaru
 10664 | D:11     | Reached skill level 5 in Slings
 10680 | D:11     | Noticed Sonja
 10691 | D:11     | Noticed Sonja
 10691 | D:11     | Sonja changed into Sonja the harpy
 10804 | D:11     | Noticed a hill giant
 10814 | D:11     | Killed a hill giant
 11291 | D:11     | Found a staircase to the Lair.
 11504 | D:11     | Killed Sonja the harpy
 11504 | D:11     | Reached skill level 10 in Dodging
 11688 | D:11     | Reached skill level 5 in Shields
 12125 | D:11     | Received a gift from Okawaru
 12126 | D:11     | Got an iridescent lajatang {god gift}
 12138 | D:11     | Identified the +9 lajatang "Keogaf" {venom, rF- MP+9 Str+7 Int-5} (Okawaru gifted it to you on level 11 of the Dungeon)
 12758 | D:12     | Noticed a cyan ugly thing
 12835 | D:12     | Killed a cyan ugly thing
 12835 | D:12     | Reached XP level 12. HP: 80/80 MP: 17/17
 12895 | D:12     | Noticed st0uf's ghost (journeyman FoFi)
 13178 | D:12     | Reached ****** piety under Okawaru
 13313 | D:12     | Noticed a sun demon
 13461 | D:12     | Reached skill level 14 in Stealth
 13465 | D:12     | Received a gift from Okawaru
 13748 | D:13     | Found a gate to the Vaults.
 13748 | D:13     | Noticed a vault guard
 13748 | D:13     | Noticed a vault guard
 13748 | D:13     | Noticed a vault guard
 13748 | D:13     | Noticed a vault guard
 14069 | D:13     | Reached skill level 1 in Spellcasting
 14107 | D:13     | Killed a vault guard
 14111 | D:13     | Killed a vault guard
 14134 | D:13     | Killed a vault guard
 14629 | D:13     | Received a gift from Okawaru
 14659 | D:13     | Lost mutation: One of your tentacles bears a spike. [mutagenic meat]
 14661 | D:13     | Gained mutation: You are partially covered in rugged brown scales (AC +1, +3% HP). [mutagenic meat]
 14662 | D:13     | Gained mutation: Your muscles are strong. (Str +2) [mutagenic meat]
 14663 | D:13     | Gained mutation: You are resistant to electric shocks. [mutagenic meat]
 14664 | D:13     | Lost mutation: You are dopey. (Int -2) [mutagenic meat]
 14677 | D:13     | Noticed a five-headed hydra
 14726 | D:13     | Noticed a centaur warrior
 14860 | Lair:1   | Entered Level 1 of the Lair of Beasts
 14892 | Lair:1   | Noticed a four-headed hydra
 14898 | Lair:1   | Killed a four-headed hydra
 14915 | Lair:1   | Reached XP level 13. HP: 85/88 MP: 18/18
 15663 | Lair:1   | Noticed Joseph
 15677 | Lair:1   | Killed Joseph
 15774 | Lair:1   | Learned a level 3 spell: Regeneration
 16058 | Lair:2   | Got a scorched lead amulet
 16173 | Lair:2   | Found a frozen archway.
 16225 | IceCv    | Entered an ice cave
 16297 | IceCv    | Received a gift from Okawaru
 16533 | IceCv    | Received a gift from Okawaru
 16923 | IceCv    | Reached skill level 15 in Stealth
 17404 | IceCv    | Noticed a frost giant
 17423 | IceCv    | Received a gift from Okawaru
 17483 | IceCv    | Killed a frost giant
 17483 | IceCv    | Reached skill level 5 in Spellcasting
 18100 | Lair:2   | Identified the amulet of Ararigh {Reflect *Drain rC++ Int+7 SH+3} (You found it on level 2 of the Lair of Beasts)
 18147 | Lair:2   | Noticed Harold
 18166 | Lair:2   | Killed Harold
 18928 | Lair:3   | Received a gift from Okawaru
 18931 | Lair:3   | Got a fine greatsling {god gift}
 18932 | Lair:3   | Identified the +6 greatsling of Valiance {flame, rC+ Dex+3} (Okawaru gifted it to you on level 3 of the Lair of Beasts)
 19412 | Lair:3   | Found a staircase to the Shoals.
 19603 | Lair:4   | Noticed Somebody's ghost (journeyman DEIE)
 19693 | Lair:4   | Reached XP level 14. HP: 52/94 MP: 22/22
 19778 | Lair:4   | Noticed Snorg
 20037 | Lair:4   | Killed Somebody's ghost
 20037 | Lair:4   | Reached skill level 10 in Slings
 20045 | Lair:4   | Killed Snorg
 20598 | Lair:4   | Received a gift from Okawaru
 20662 | Lair:4   | Gained mutation: You are frail (-10% HP). [potion of mutation]
 20670 | Lair:4   | Learned a level 2 spell: Repel Missiles
 20673 | Lair:4   | Learned a level 2 spell: Swiftness
 21059 | Lair:5   | Found a staircase to the Snake Pit.
 21651 | Lair:6   | Received a gift from Okawaru
 21876 | Lair:6   | Reached skill level 16 in Stealth
 21994 | Lair:6   | Received a gift from Okawaru
 22553 | Lair:7   | Received a gift from Okawaru
 22782 | Lair:7   | Reached skill level 10 in Shields
 22884 | Lair:7   | Found a dark tunnel.
 22897 | Volcano  | Entered a volcano
 22967 | Volcano  | Found a bloodstained altar of Trog.
 23458 | Lair:7   | Found a viscous altar of Jiyva.
 23460 | Lair:7   | Found a staircase to the Slime Pits.
 23544 | Lair:7   | Reached skill level 10 in Evocations
 23564 | Lair:7   | Learned a level 6 spell: Deflect Missiles
 23571 | Lair:7   | Learned a level 6 spell: Haste
 23577 | Lair:7   | Learned a level 5 spell: Silence
 23861 | Lair:8   | Entered Level 8 of the Lair of Beasts
 23985 | Lair:8   | Received a gift from Okawaru
 23986 | Lair:8   | Got an encrusted large shield {god gift}
 23997 | Lair:8   | Identified the +4 large shield of the Swamp {rN++ Str+2 SInv Stlth-} (Okawaru gifted it to you on level 8 of the Lair of Beasts)
 24087 | Lair:8   | Reached XP level 15. HP: 85/90 MP: 21/24
 24687 | Lair:8   | Noticed Nessos
 24692 | Lair:8   | Killed Nessos
 24853 | Lair:8   | Reached skill level 17 in Stealth
 25437 | Lair:8   | Received a gift from Okawaru
 25997 | Lair:8   | Reached skill level 1 in Charms
 25997 | Lair:8   | Reached skill level 1 in Air Magic
 26679 | Snake:1  | Entered Level 1 of the Snake Pit
 27502 | D:14     | Received a gift from Okawaru
 27517 | D:14     | Gained mutation: You are resistant to hostile enchantments. [mutagenic meat]
 27693 | D:14     | Noticed Urug
 27702 | D:14     | Killed Urug
 27768 | D:14     | Reached XP level 16. HP: 95/95 MP: 27/27
 27794 | D:14     | Lost mutation: You are frail (-10% HP). [mutagenic meat]
 27795 | D:14     | Lost mutation: Your muscles are strong. (Str +2) [mutagenic meat]
 27797 | D:14     | Gained mutation: Scrolls take you a little longer to read. [mutagenic meat]
 27798 | D:14     | Gained mutation: You evolve. [mutagenic meat]
 27799 | D:14     | Lost mutation: Your spells are a little easier to cast, but a little less powerful. [mutagenic meat]
 28087 | D:15     | Entered Level 15 of the Dungeon
 28405 | D:15     | Reached skill level 5 in Charms
 28511 | D:15     | Gained mutation: You have a beak for a mouth. [evolution]
 28554 | D:15     | Found a staircase to the Depths.
 28721 | Depths:1 | Entered Level 1 of the Depths
 28778 | Depths:1 | Received a gift from Okawaru
 29034 | Shoals:1 | Entered Level 1 of the Shoals
 30629 | Shoals:2 | Received a gift from Okawaru
 30800 | Shoals:2 | Gained mutation: You have an increased reservoir of magic (+10% MP). [potion of beneficial mutation]
 30970 | Shoals:2 | Reached skill level 5 in Air Magic
 31327 | Shoals:2 | Received a gift from Okawaru
 31518 | Shoals:2 | Lost mutation: You are partially covered in rugged brown scales (AC +1, +3% HP). [evolution]
 31631 | Shoals:3 | Reached XP level 17. HP: 94/108 MP: 30/32
 31735 | Shoals:3 | Noticed a kraken
 31918 | Shoals:4 | Entered Level 4 of the Shoals
 32512 | Shoals:4 | Noticed Ilsuiw
 32528 | Shoals:4 | Killed Ilsuiw
 32953 | Shoals:4 | Noticed a kraken
 33049 | Shoals:4 | Killed a kraken
 33068 | Shoals:4 | Got a barnacled rune of Zot
 33610 | Shoals:4 | Received a gift from Okawaru
 34204 | Shoals:3 | Killed a kraken
 34504 | Shoals:3 | Found Kaevyumm's Distillery.
 34959 | Snake:1  | Reached skill level 10 in Charms
 35175 | Snake:1  | Got an ancient bone ring
 35176 | Snake:1  | Identified the ring "Bohyett" {rF+ MP+9 Str+5 Slay+3} (You found it on level 1 of the Snake Pit)
 35211 | Snake:1  | Found Haehew's Magic Scroll Shop.
 35445 | Snake:1  | Reached XP level 18. HP: 114/114 MP: 34/34
 35979 | Snake:2  | Reached skill level 10 in Spellcasting
 36062 | Snake:2  | Reached skill level 15 in Shields
 36170 | Snake:2  | Gained mutation: You are partially covered in yellow scales (AC +2). [mutagenic meat]
 36171 | Snake:2  | Lost mutation: Scrolls take you a little longer to read. [mutagenic meat]
 36173 | Snake:2  | Lost mutation: You are agile. (Dex +2) [mutagenic meat]
 36904 | Snake:2  | Gained mutation: Your muscles are strong. (Str +2) [evolution]
 37413 | Snake:3  | Received a gift from Okawaru
 37514 | Snake:3  | Noticed Wiglaf
 38010 | Snake:3  | Received a gift from Okawaru
 38069 | Snake:3  | Slain by Wiglaf

Vault maps used:
D:1:      dpeg_arrival_pits
D:2:      uniq_iyjb, uniq_natasha, uniq_sigmund
D:3:      grunt_temple_overflow_gold_and_silver, old_standard_altar
D:4:      serial_shops, shop, uniq_grinder
D:5:      temple_fountains, first_bread
D:6:      nicolae_ru_the_path_less_chosen, uniq_menkaure
D:7:      grunt_temple_overflow_cloverleaf, serial_shops,
          nicolae_shop_behind_doors, grunt_ministairs_5,
          grunt_dithmenos_smoke_and_mirrors, uniq_prince_ribbit1
D:8:      serial_shops, nicolae_shop_crystal
D:9:      minmay_separated_statues, kennysheep_ying_yang,
          nicolae_tso_besieged_by_evil, nicolae_overflow_quartered_altars,
          erik_orc_1, enter_bailey_2, st_stairs_10, uniq_pikel
D:10:     uniq_maurice
D:11:     erik_lair_orcish_takeover, uniq_sonja
D:13:     lightli_vaults_fourway_checkpoint
D:14:     serial_corexii_hall, corexii_hall_statues_t, corexii_hall_statues_i,
          uniq_urug
D:15:     grunt_enter_depths_magical_seal, st_stairs_1
Temple:   nicolae_temple_no_exploring_needed
Lair:1:   lemuel_ratsnest, beast_lair_carwin_11, uniq_joseph
Lair:2:   portal_ice_cave_entry_pillars_01, serial_bayou_pond_d,
          grunt_megastairs_5, lemuel_fruit_tree, uniq_harold
Lair:3:   elwin_shoals_entry_rocks
Lair:4:   lemuel_fruit_fields, uniq_snorg
Lair:5:   dummy_snake_entry, serial_forest, infiniplex_forest_straight_4,
          infiniplex_forest_zigzag_1, infiniplex_forest_straight_1,
          infiniplex_forest_3_way, infiniplex_forest_clump_large,
          infiniplex_forest_zigzag_1, infiniplex_forest_lined_3_way,
          infiniplex_forest_end_1, infiniplex_forest_end_2,
          infiniplex_forest_end_3, beast_lair_carwin_9
Lair:7:   slime_altar_1, lightli_volcano_entry_magma_tube
Lair:8:   due_jungle_book, grunt_megastairs_3, uniq_nessos
Shoals:1: nicolae_shoals_siren_and_animal_friends
Shoals:2: overgrown_tower
Shoals:3: serial_shops, shop, st_cyclops
Shoals:4: shoals_end_hangedman, shoal_ilsuiw, uniq_ilsuiw
Snake:1:  serial_shops, nicolae_shop_behind_doors
Snake:3:  nicolae_coiled_stairwell_down, uniq_wiglaf
Depths:1: hangedman_decor_diamond_cutter, grunt_metal_band, st_stairs_1,
          grunt_decor_mini_mirrors, hangedman_decor_slide_cut,
          due_unseen_surprise
Bailey:   bailey_polearm_gnolls_kennysheep, bailey
IceCv:    ice_cave_caverns_03
Volcano:  volcano_grotto

Action                   |  1- 3 |  4- 6 |  7- 9 | 10-12 | 13-15 | 16-18 || total
-------------------------+-------+-------+-------+-------+-------+-------++-------
Melee: Short sword       |    18 |    80 |   202 |       |       |       ||   300
       Trident           |       |       |    75 |   556 |   534 |   598 ||  1763
       Demon whip        |       |       |     4 |       |       |       ||     4
       Cutlass           |       |       |       |       |   340 |       ||   340
 Fire: Greatsling        |       |       |       |    81 |   590 |   907 ||  1578
       Blowgun           |       |       |       |     1 |    17 |    82 ||   100
Throw: Throwing net      |       |       |       |       |       |     7 ||     7
 Cast: Regeneration      |       |       |       |       |     5 |    14 ||    19
       Repel Missiles    |       |       |       |       |     2 |     5 ||     7
       Swiftness         |       |       |       |       |       |     2 ||     2
Invok: Heroism           |       |       |       |     2 |     8 |     5 ||    15
       Finesse           |       |       |       |       |     2 |       ||     2
Evoke: Wand              |     3 |    23 |    46 |    27 |    15 |    18 ||   132
       Fan of gales      |       |       |       |       |       |     1 ||     1
       Phantom mirror    |       |       |       |       |       |     1 ||     1
       Disc of storms    |       |       |       |       |       |     3 ||     3
  Use: Potion            |       |     2 |     8 |    11 |    12 |     5 ||    38
       Scroll            |       |       |     9 |    11 |    16 |    15 ||    51
 Stab: Sleeping          |     3 |    11 |    31 |    23 |    69 |    21 ||   158
       Paralysed         |       |     1 |       |     4 |       |       ||     5
       Distracted        |       |       |     1 |    10 |    11 |     9 ||    31
       Invisible         |       |       |       |       |     3 |       ||     3
       Held in net/web   |       |       |       |       |       |     1 ||     1
  Eat: Chunk             |       |     2 |    15 |    35 |    17 |    44 ||   113
       Meat ration       |       |       |     1 |       |       |       ||     1
       Bread ration      |       |       |     1 |       |     6 |     1 ||     8
       Pizza             |       |       |       |       |     2 |       ||     2
       Royal jelly       |       |       |       |       |       |     1 ||     1
